 Dungeon Crawl Stone Soup version bcrawl-1.19.2-6-g6a88ae04c9 (webtiles) character file.

Game seed: 8940927685632775307

305 Freyura the Cudgeler (level 6, 0/53 HPs)
             Began as a Minotaur Fighter on Jan 13, 2020.
             Killed by divine providence
             ... invoked by an orc priest
              (10 damage)
             ... on level 3 of the Dungeon.
             The game lasted 00:03:44 (1530 turns).

Freyura the Cudgeler (Minotaur Fighter)             Turns: 1530, Time: 00:03:44

Health: 0/53       AC:  8    Str: 20    XL:     6   Next: 16%
Magic:  5/5        EV:  8    Int:  5    God:
Gold:   75         SH: 10    Dex: 12    Spells: 5/5 levels left

rFire    . . .     SeeInvis .   r - +1 mace (crush)
rCold    . . .     Gourm    .   c - +0 shield
rNeg     . . .     Faith    .   b - +0 scale mail
rPois    .         Spirit   .   (helmet restricted)
rElec    .         Reflect  .   q - +0 cloak
rCorr    .         Harm     .   (no gloves)
MR       +....                  (no boots)
Stlth    ..........             (no amulet)
HPRegen  0.17/turn              h - ring of protection from magic
MPRegen  0.09/turn              (no ring)

@: no status effects
A: retaliatory headbutt, horns 2
a: no special abilities


You were on level 3 of the Dungeon.
You were not hungry.

You visited 1 branch of the dungeon, and saw 3 of its levels.

You collected 75 gold pieces.

Inventory:

Hand Weapons
 a - a +0 flail
 p - a +2 mace of draining
 r - a +1 mace of crushing (weapon)
Armour
 b - a +0 scale mail (worn)
 c - a +0 shield (worn)
 k - a cursed +0 chain mail
 q - a +0 cloak (worn)
Jewellery
 h - a ring of protection from magic (left hand)
Scrolls
 e - 2 scrolls of identify {unknown}
 g - a scroll of amnesia {unknown}
 i - a scroll of enchant armour {unknown}
 l - a scroll of teleportation {unknown}
 m - 2 scrolls of remove curse {unknown}
 n - a scroll of noise {unknown}
 s - a scroll of fog {unknown}
Potions
 d - a potion of might
 j - a potion of lignification {unknown}
 o - a potion of heal wounds {unknown}
 t - a potion of curing {unknown}
Comestibles
 f - 7 rations {!d}


   Skills:
 + Level 4.7 Fighting
 * Level 4.9 Maces & Flails
 + Level 4.7 Armour
 + Level 2.4 Dodging
 + Level 4.8 Shields


You had 5 spell levels left.
You didn't know any spells.
Your spell library was empty.

Dungeon Overview and Level Annotations

Branches:
Dungeon (3/12)

Altars:
Qazlal


Innate Abilities, Weirdness & Mutations

You reflexively headbutt those who attack you in melee.
You have a pair of horns on your head.


Message History

The orc priest hits you from afar with a +0 trident!
* * * LOW HITPOINT WARNING * * *
The orc priest invokes the aid of Beogh against you.
You resist with some effort.
Items here: )) [[ a +0 dagger; a +0 robe; a +0 dagger; a +0 robe You closely miss the orc priest.
You headbutt the orc priest, but do no damage.
The orc wizard hits you but does no damage.
The orc priest hits you with a +0 trident.
* * * LOW HITPOINT WARNING * * *
You barely miss the orc priest.
The orc wizard points at you and mumbles some strange words.
The magic dart hits you! You block the orc priest's attack.
The orc wizard barely misses you.
You sock the orc priest!
The orc priest is heavily wounded.
The orc priest invokes the aid of Beogh against you.
Beogh smites you!
You die...

#.. ... #.# #.#
######.####.#
#..........#
#.####.#####
####.##)###...<.#
.....[o@.##.#####
.......o.##.#
.........##.#
.........+...
.........####
.......$.#
.......!.#
.........#


You could see an orc priest and an orc wizard.

Vanquished Creatures
  Sigmund (D:2)
  An orc wizard (D:3)
  Crazy Yiuf (D:2)
  2 oozes
  2 worms
  A dart slug (D:2)
  4 leopard geckos
  2 giant cockroaches (D:1)
  3 goblins (D:2)
  9 hobgoblins
  7 jackals (D:2)
  A ball python (D:2)
  5 bats
  5 frilled lizards
  4 kobolds
  9 rats
57 creatures vanquished.

Vanquished Creatures (others)
  An orc wizard (D:3)
1 creature vanquished.

Grand Total: 58 creatures vanquished

Notes
Turn   | Place    | Note
-------+----------+-------------------------------------------
     0 | D:1      | Freyura the Minotaur Fighter began the quest for the Orb.
     0 | D:1      | Reached XP level 1. HP: 19/19 MP: 0/0
    56 | D:1      | Reached XP level 2. HP: 27/27 MP: 1/1
   478 | D:2      | Reached skill level 1 in Dodging
   481 | D:2      | Reached XP level 3. HP: 32/33 MP: 2/2
   650 | D:2      | Found a stormy altar of Qazlal.
   932 | D:2      | Found a runed door.
   938 | D:2      | Noticed Crazy Yiuf
   941 | D:2      | Killed Crazy Yiuf
   941 | D:2      | Reached XP level 4. HP: 30/40 MP: 3/3
  1241 | D:2      | Noticed Sigmund
  1247 | D:2      | Killed Sigmund
  1247 | D:2      | Reached XP level 5. HP: 40/47 MP: 4/4
  1520 | D:3      | Reached XP level 6. HP: 29/53 MP: 5/5
  1530 | D:3      | Killed from afar by an orc priest

Skill      XL: |  1  2  3  4 |
---------------+-------------+-----
Maces & Flails | 3 4 |  4.9
Dodging        | 1 2 |  2.4
Armour         | 4 |  4.7
Shields        | 4 |  4.8
Fighting       | 4 |  4.7

Action                   |  1- 3 |  4- 6 || total
-------------------------+-------+-------++-------
Melee: Flail             |   118 |       ||   118
       Headbutt          |    14 |     4 ||    18
       Mace              |     2 |    37 ||    39
  Use: Potion            |       |     1 ||     1
  Eat: Chunk             |       |     2 ||     2
Armor: Scale mail        |    57 |    14 ||    71
Dodge: Dodged            |    47 |    13 ||    60
Block: Shield            |    69 |    24 ||    93
